 Dungeon Crawl Stone Soup version 0.26-a0-597-gb535b0901c (webtiles) character file.

Game seed: 11723631049593301434

1220 Apogee the Ruffian (level 8, -12/70 HPs)
             Began as a Troll Hunter on Sept 12, 2020.
             Was a Follower of Hepliaklqana.
             Mangled by a wight
             ... wielding a +1 halberd of venom
              (15 damage)
             ... on level 6 of the Dungeon.
             The game lasted 00:06:43 (3409 turns).

Apogee the Ruffian (Troll Hunter)                   Turns: 3409, Time: 00:06:43

Health: -12/70     AC:  6    Str: 23    XL:     8   Next: 23%
Magic:  7/7        EV:  8    Int:  7    God:    Hepliaklqana [*.....]
Gold:   324        SH:  9    Dex: 10    Spells: 7/7 levels left

rFire    . . .     SeeInvis .     - Unarmed
rCold    + . .     Faith    .   C - +2 kite shield
rNeg     . . .     Spirit   .   b - +0 robe
rPois    .         Reflect  .   (helmet restricted)
rElec    .         Harm     .   (no cloak)
rCorr    .                      (gloves unavailable)
MR       .....                  (boots unavailable)
Stlth    +.........             (no amulet)
HPRegen  0.61/turn              o - ring of protection from cold
MPRegen  0.10/turn              (no ring)

@: lethally poisoned (-12 -> -22), flying, heavily drained
A: large, unfitting armour, reduced essence, claws 3, regeneration 1, shaggy fur
1, tough skin 3
a: Recall Ancestor, Ancestor Identity, Renounce Religion


You were on level 6 of the Dungeon.
You worshipped Hepliaklqana.
Hepliaklqana was aware of your devotion.
You visited 2 branches of the dungeon, and saw 7 of its levels.

You collected 324 gold pieces.

Inventory:

Hand Weapons
 a - a +0 short sword
Missiles
 c - 5 large rocks (quivered)
 d - 3 throwing nets {!f}
 r - 121 stones
 B - 7 curare-tipped darts {!f}
Armour
 b - a +0 robe (worn)
 C - a +2 kite shield (worn)
   (You found it on level 4 of the Dungeon)
Jewellery
 o - a ring of protection from cold (left claw)
   (You found it on level 2 of the Dungeon)
 q - an uncursed ring of wizardry {unknown}
   (You found it on level 2 of the Dungeon)
 s - an uncursed ring of poison resistance {unknown}
   (You found it on level 3 of the Dungeon)
 y - an uncursed ring of poison resistance {unknown}
   (You found it on level 4 of the Dungeon)
 D - a cursed ring of teleportation {unknown}
   (You found it on level 4 of the Dungeon)
 G - a cursed -4 ring of evasion {unknown}
   (You found it on level 5 of the Dungeon)
Wands
 i - a wand of enslavement (9)
   (You found it on level 2 of the Dungeon)
 u - a wand of paralysis (5)
   (You found it on level 5 of the Dungeon)
Scrolls
 e - 4 scrolls of magic mapping {unknown}
 f - 10 scrolls of identify {unknown}
 j - a scroll of random uselessness {unknown}
 l - 2 scrolls of teleportation {unknown}
 m - a scroll of amnesia {unknown}
 n - 2 scrolls of remove curse {unknown}
 x - 2 scrolls of fog {unknown}
 E - a scroll of brand weapon {unknown}
 F - a scroll of fear {unknown}
 I - 2 scrolls of enchant weapon {unknown}
Potions
 g - a potion of brilliance {unknown}
 h - 2 potions of degeneration {unknown}
 k - a potion of ambrosia {unknown}
 p - a potion of berserk rage {unknown}
 t - 2 potions of lignification {unknown}
 v - a potion of curing {unknown}
 w - a potion of might {unknown}
 z - a potion of heal wounds {unknown}
 A - a potion of mutation {unknown}
 H - 2 potions of flight


   Skills:
 + Level 3.8(2.6) Fighting
 + Level 5.2(4.1) Throwing
 + Level 3.9(2.8) Dodging
 - Level 0.3(0.0) Stealth
 + Level 2.1(1.1) Shields
 + Level 5.6(4.4) Unarmed Combat


You had 7 spell levels left.
You didn't know any spells.
Your spell library was empty.

Dungeon Overview and Level Annotations

Branches:
Dungeon (6/15)             Temple (1/1) D:4

Altars:
Ashenzari
Cheibriados
Dithmenos
Elyvilon
Fedhas
Gozag
Hepliaklqana
Kikubaaqudgha
Makhleb
Nemelex Xobeh
Okawaru
Qazlal
Ru
Sif Muna
Trog
Uskayaw
Vehumet
Wu Jian
Xom
Yredelemnul
Zin
The Shining One


Innate Abilities, Weirdness & Mutations

You are too large for most types of armour.
You have claws for hands.
Your natural rate of healing is unusually fast.
You are covered in fur. (AC +1)
You have extremely tough skin. (AC +3)
Your life essence is reduced to manifest your ancestor. (-10% HP)


Message History

You closely miss the wight.
Tertia hits the wight but does no damage.
You block the wight's attack.
You claw the wight!
Tertia barely misses the wight.
You barely miss the wight. The wight hits you with a +5 flail.
You feel drained.
Tertia hits the wight but does no damage.
A wight comes into view. It is wielding a +1 halberd of venom.
You closely miss the wight.
Tertia hits the wight but does no damage.
The wight hits Tertia with a +5 flail.
You barely miss the wight.
Tertia barely misses the wight.
You block the wight's attack.
You claw the wight!
You destroy the wight!
You swap places.
You block the wight's attack.
You claw the wight!
The wight hits you with a +1 halberd of venom.
You feel drained.
You are poisoned.
Your shield prevents you from hitting the wight.
You feel sick.
The wight hits you with a +1 halberd of venom!
* * * LOW HITPOINT WARNING * * *
You are more poisoned.
You feel sick.
The wight hits you from afar with a +1 halberd of venom.
* * * LOW HITPOINT WARNING * * *
You feel drained.
* * * LOW HITPOINT WARNING * * *
You feel sick.
You feel sick.
You feel sick.
You feel sick.
You swap places.
You feel sick.
The wight hits you from afar with a +1 halberd of venom!
* * * LOW HITPOINT WARNING * * *
You feel sick.
The wight hits you with a +1 halberd of venom!
* * * LOW HITPOINT WARNING * * *
You feel drained.
* * * LOW HITPOINT WARNING * * *
You are lethally poisoned!
It was a potion of flight.
You feel very buoyant.
You fly up into the air.
* * * LOW HITPOINT WARNING * * *
You feel sick.
The wight hits you with a +1 halberd of venom!
You die...

#.##.. ..###.# .... ..#
.# .# ... ..###.## .#..
.....^.. ... ..###.##
..###.# .<# #.# ##[...
..# #.# ###R.# ..###.#
#####..@.# ...##.#
##.....##z#
......###..######.#####
..##...........z......#
.####.###.##...##)###..#
## #[#...##...##.# #
#.#.####...##.. #...
#...###.# ... #...# ..


You could see the friendly Tertia the ancestor and a wight.

Vanquished Creatures
  A black bear (D:4)
  An ice beast (D:5)
  2 ogres
  A bullfrog (D:6)
  2 wights (D:6)
  A hound (D:6)
  2 centaur skeletons
  A gnoll shaman (D:6)
  An orc priest (D:3)
  4 orc wizards
  An iguana (D:4)
  2 worker ants
  A hound skeleton (D:5)
  A worker ant zombie (D:3)
  4 gnolls
  5 adders
  An ooze (D:4)
  An adder skeleton (D:4)
  4 worms (D:2)
  3 dart slugs
  2 leopard geckos
  17 orcs
  5 goblins
  4 hobgoblins
  11 jackals (D:2)
  8 kobolds
  6 quokkas
  2 bats (D:2)
  3 frilled lizards
  A leopard gecko zombie (D:6)
  A quokka skeleton (D:6)
  4 rats
103 creatures vanquished.

Vanquished Creatures (collateral kills)
  A centaur (D:5)
  A big kobold (D:5)
  A worker ant (D:4)
  A gnoll (D:6)
  An ufetubus (D:5)
  An orc (D:5)
  A kobold (D:5)
  A quokka (D:5)
  A leopard gecko skeleton (D:5)
9 creatures vanquished.

Vanquished Creatures (others)
  A plant (D:4)
1 creature vanquished.

Grand Total: 113 creatures vanquished

Notes
Turn   | Place    | Note
-------+----------+-------------------------------------------
     0 | D:1      | Apogee the Troll Hunter began the quest for the Orb.
     0 | D:1      | Reached XP level 1. HP: 19/19 MP: 0/0
   100 | D:1      | You fall into a shaft and drop 1 floor!
   123 | D:2      | Reached XP level 2. HP: 25/28 MP: 1/1
   127 | D:2      | Reached skill level 1 in Unarmed Combat
   292 | D:2      | Reached XP level 3. HP: 35/35 MP: 2/2
   452 | D:2      | Found a shattered altar of Ashenzari.
   759 | D:3      | Reached XP level 4. HP: 34/42 MP: 3/3
  1117 | D:3      | Found a shadowy altar of Dithmenos.
  1173 | D:3      | Reached XP level 5. HP: 12/50 MP: 4/4
  1261 | D:3      | Found a white marble altar of Elyvilon.
  1659 | D:4      | Found a staircase to the Ecumenical Temple.
  1677 | D:4      | Noticed an ogre
  1679 | Temple   | Entered the Ecumenical Temple
  1786 | Temple   | Became a worshipper of Hepliaklqana the Forgotten
  1826 | D:4      | Killed an ogre
  1826 | D:4      | Reached XP level 6. HP: 28/53 MP: 5/5
  2333 | D:5      | Entered Level 5 of the Dungeon
  2375 | D:5      | Reached XP level 7. HP: 60/60 MP: 6/6
  2445 | D:5      | Reached * piety under Hepliaklqana
  2489 | D:5      | Reached skill level 1 in Shields
  2533 | D:5      | Reached skill level 5 in Unarmed Combat
  2910 | D:5      | Reached skill level 5 in Throwing
  3185 | D:6      | Reached XP level 8. HP: 45/67 MP: 4/7
  3409 | D:6      | HP: 3/70 [poisoned by a wight]
  3409 | D:6      | Mangled by a wight

Illustrated notes

Levels and vault maps discovered:
D:1:      lightli_arrival_isolated_outpost, layout_basic,
          hangedman_decor_riveting
D:2:      layout_rooms, ashenzari_altar_1
D:3:      layout_basic, elyvilon_altar_3, grunt_dithmenos_smoke
D:4:      layout_basic, minmay_temple_entry_gardened_gates
D:5:      layout_gridville
D:6:      layout_rooms
Temple:   kilobyte_greek_temple

Skill      XL: |  1  2  3  4  5  6  7  8 |
---------------+-------------------------+-----
Unarmed Combat | 1 2 3 4 5 |  5.6
Dodging        | 2 3 |  3.9
Fighting       | 2 3 |  3.8
Throwing       | 4 5 |  5.2
Shields        | 1 2 |  2.1
Stealth        | |  0.3

Action                   |  1- 3 |  4- 6 |  7- 9 || total
-------------------------+-------+-------+-------++-------
Melee: Unarmed           |   118 |   161 |    88 ||   367
       Punch             |       |     3 |       ||     3
Throw: Stone             |       |     3 |       ||     3
       Large rock        |       |       |     1 ||     1
Invok: Recall Ancestor   |       |     1 |     1 ||     2
       Ancestor Identity |       |       |     1 ||     1
  Use: Potion            |       |       |     1 ||     1
 Stab: Sleeping          |     3 |     1 |       ||     4
       Distracted        |       |     1 |     1 ||     2
Armor: Robe              |    47 |    40 |    15 ||   102
Dodge: Dodged            |    71 |    69 |    20 ||   160
Block: Kite shield       |       |    14 |    50 ||    64

Table legend: (Time is in decaauts)
 A = Elapsed time spent in this place.
 B = Non-inter-level travel time spent in this place.
 C = Inter-level travel time spent in this place.
 D = Time resting spent in this place.
 E = Time spent auto-exploring this place.
 F = Levels seen in this place.
 G = Mean time per level.
                   A        B        C        D        E       F      G
               +--------+--------+--------+--------+--------+-----+--------+
         Total |   3399 |   3261 |    138 |    275 |   2219 |   7 |  485.6 |
       Dungeon |   3257 |   3152 |    105 |    275 |   2133 |   6 |  542.8 |
        Temple |    141 |    108 |     33 |      0 |     86 |   1 |  141.0 |
               +--------+--------+--------+--------+--------+-----+--------+

Top non-repeatable levels by time:
     D:5: 916 daAuts
     D:3: 740 daAuts
     D:4: 693 daAuts
     D:2: 648 daAuts
     D:6: 159 daAuts
  Temple: 141 daAuts
     D:1: 99 daAuts
